 Dungeon Crawl Stone Soup version 0.31-a0-121-g1e386dd289 (webtiles) character file.

Game seed: 14017258992953450416

4 erloom the Ruffian (level 1, 0/16 HPs)
             Began as a Draconian Transmuter on May 31, 2023.
             Succumbed to a kobold's poison
             ... on level 1 of the Dungeon.
             The game lasted 00:00:16 (54 turns).

erloom the Ruffian (Draconian Transmuter)             Turns: 54, Time: 00:00:17

Health: 0/16       AC:  4    Str: 12    XL:     1   Next: 58%
Magic:  3/3        EV: 12    Int: 13    God:
Gold:   0          SH:  0    Dex: 11    Spells: 3/4 levels left

rFire   . .          .
                       - Unarmed
rCold   . . .        (no shield)
rNeg    . . .        (body armour unavailable)
rPois   .            (helmet restricted)
rElec   .            (no cloak)
rCorr   .            (no gloves)
SInv    .            (no boots)
Will    .....        (no amulet)
Stlth   +            (no ring)
HPRegen 0.22/turn    (no ring)
MPRegen 0.08/turn

%: no passive effects
@: lethally poisoned (0 -> -2)
A: AC +4, unfitting armour, cold-blooded
a: no special abilities


You were on level 1 of the Dungeon.
You visited 1 branch of the dungeon, and saw 1 of its levels.

Inventory:

Potions
 a - a potion of lignification
 b - a potion of resistance {unknown}


   Skills:
 - Level 1.1 Fighting
 - Level 1.7 Dodging
 + Level 3.3 Unarmed Combat
 - Level 2.0 Spellcasting
 - Level 2.0 Transmutations


You had 3 spell levels left.
You knew the following spells:

 Your Spells              Type           Power      Damage    Failure   Level
a - Beastly Appendage     Tmut           12%        N/A       11%         1

Your spell library contained the following spells:

 Spells                   Type           Power      Damage    Failure   Level
 Wereblood                Tmut           6%         N/A       17%         2
 Spider Form              Tmut/Pois      3%         N/A       45%         3
 Ice Form                 Ice/Tmut       3%         N/A       86%         4


Dungeon Overview and Level Annotations

Branches:
Dungeon (1/15)

Altars:


Innate Abilities, Weirdness & Mutations

Your plain brown scales are hard. (AC +4)
You cannot fit into any form of body armour.
You are cold-blooded and may be slowed by cold attacks.


Message History

A bat comes into view.
A bat is nearby!
Found an orange potion.
The bat hits you but does no damage. The bat barely misses you.
There is an open door here.
You hit the bat.
You kill the bat!
No target in view!
No target in view!
No target in view!
b - an orange potion You open the door.
A kobold comes into view.
It is wielding a +2 short sword of venom.
Found a glowing purple potion.
There is an open door here.
Found a stone staircase leading down.
The helpless kobold fails to defend itself.
You hit the kobold.
The kobold is heavily wounded.
The kobold hits you with a +2 short sword of venom.
You are lethally poisoned!
You hit the kobold but do no damage.
The kobold is heavily wounded.
You feel very sick. The kobold closely misses you.
You hit the kobold.
You kill the kobold!
You feel sick.
You feel sick.
Things that are here:
a +2 short sword of venom; a kobold corpse
* * * LOW HITPOINT WARNING * * *
You feel sick.
* * * LOW HITPOINT WARNING * * *
You feel sick.
There is a lethal amount of poison in your body!
* * * LOW HITPOINT WARNING * * *
You feel sick.
There is an open door here.
You die...

..!. ..# #.# #.####
#######$.).#
...........#
######.#...# ###
#'#......# ##.##
##@##..##.. ##...##
##...##>.# # ##.....##
##.....##...
#.......##
##.......##...
....<....#
#.........##..
#.......#####.......##
##.....###.###.....##
##...###...###...##
##.###.....###.##


There were no monsters in sight!

Vanquished Creatures
  A kobold (D:1)
  A bat (D:1)
  4 rats (D:1)
6 creatures vanquished.

Notes
Turn   | Place    | Note
-------+----------+-------------------------------------------
     0 | D:1      | erloom the Draconian Transmuter began the quest for the
                  | Orb.
     0 | D:1      | Reached XP level 1. HP: 16/16 MP: 3/3
    54 | D:1      | Succumbed to a kobold's poison

Illustrated notes

Levels and vault maps discovered:
D:1:      elethiomel_arrival_diamonds, layout_rooms, minmay_misc_feat_chi,
          minmay_tromino_v4_a

Action                     || total
---------------------------++-------
  Melee: Unarmed           ||    12
         Tailslap          ||     1
   Stab: Sleeping          ||     1
 Armour: Skin              ||     2
  Dodge: Dodged            ||     4

Table legend: (Time is in decaauts)
 A = Elapsed time spent in this place.
 B = Non-inter-level travel time spent in this place.
 C = Inter-level travel time spent in this place.
 D = Time resting spent in this place.
 E = Time spent auto-exploring this place.
 F = Levels seen in this place.
 G = Mean time per level.
                   A        B        C        D        E       F      G
               +--------+--------+--------+--------+--------+-----+--------+
         Total |     53 |     53 |      0 |      0 |     23 |   1 |   53.0 |
       Dungeon |     53 |     53 |      0 |      0 |     23 |   1 |   53.0 |
               +--------+--------+--------+--------+--------+-----+--------+

Top non-repeatable levels by time:
     D:1: 53 daAuts
